 Dungeon Crawl Stone Soup version 0.26.1-11-gd32895ea62 (webtiles) character file.

Game seed: 9673609535811573190

35 Zeld the Sneak (level 3, -1/18 HPs)
             Began as a Spriggan Brigand on May 24, 2021.
             Slain by an adder (2 damage)
             ... on level 3 of the Dungeon.
             The game lasted 00:02:12 (1065 turns).

Zeld the Sneak (Spriggan Brigand)                   Turns: 1065, Time: 00:02:13

Health: -1/18      AC:  4    Str:  8    XL:     3   Next: 17%
Magic:  4/4        EV: 17    Int: 12    God:
Gold:   142        SH:  0    Dex: 17    Spells: 2/2 levels left

rFire    . . .     SeeInvis +   m - +2 dagger (venom)
rCold    . . .     Faith    .   (shield restricted)
rNeg     . . .     Spirit   .   b - +0 robe
rPois    .         Reflect  .   o - +1 hat
rElec    .         Harm     .   c - +0 cloak
rCorr    .         Rampage  .   (gloves unavailable)
Will     .....                  (boots unavailable)
Stlth    +++.......             (no amulet)
HPRegen  0.06/turn              (no ring)
MPRegen  0.09/turn              (no ring)

@: mighty, lethally poisoned (-1 -> -3), very quick
A: very small, unfitting armour, see invisible, speed 3
a: no special abilities


You were on level 3 of the Dungeon.
You visited 1 branch of the dungeon, and saw 3 of its levels.

You collected 142 gold pieces.

Inventory:

Hand Weapons
 a - a +2 dagger
 m - a +2 dagger of venom (weapon)
Missiles
 d - 20 poisoned darts (quivered)
 e - 2 curare-tipped darts
Armour
 b - a +0 robe (worn)
 c - a +0 cloak (worn)
 o - a +1 hat (worn)
Jewellery
 k - a cursed -4 ring of evasion {unknown}
Scrolls
 f - 3 scrolls of blinking {unknown}
 g - 2 scrolls of remove curse {unknown}
 i - a scroll of amnesia {unknown}
Potions
 h - a potion of might
 j - a potion of brilliance {unknown}
 l - 3 potions of heal wounds {unknown}
 n - a potion of flight {unknown}


   Skills:
 - Level 1.5 Fighting
 * Level 3.2 Short Blades
 * Level 2.9 Throwing
 - Level 1.5 Dodging
 - Level 5.8 Stealth


You had 2 spell levels left.
You didn't know any spells.
Your spell library was empty.

Dungeon Overview and Level Annotations

Branches:
Dungeon (3/15)

Altars:
Fedhas


Innate Abilities, Weirdness & Mutations

You are very small and have problems with some larger weapons.
You are too small for most types of armour.
You have supernaturally acute eyesight. (SInv)
You cover ground extremely quickly.


Message History

You are too injured to fight recklessly!
You are too injured to fight recklessly!
You kill the bat!
The adder misses you.
You see here a giant cockroach corpse.
You are too injured to fight recklessly!
You are too injured to fight recklessly!
You are too injured to fight recklessly!
You miss the adder. The adder bites you.
You hit the adder.
The adder is moderately wounded.
The adder misses you.
You closely miss the adder.
The adder is moderately wounded.
You feel sick. The adder bites you.
* * * LOW HITPOINT WARNING * * *
It was a potion of might.
You feel very mighty all of a sudden. The adder bites you.
You die...

#### ...
#.########
#.@.†(..<#
#...S......#
#........#.#
#.########.#
#. #.# # #.#
#.# #.#


You could see an adder.

Vanquished Creatures
  A worm (D:2)
  3 leopard geckos
  2 giant cockroaches
  5 hobgoblins (D:2)
  3 kobolds (D:1)
  6 bats
  3 frilled lizards (D:2)
  3 goblins
  4 rats
30 creatures vanquished.

Notes
Turn   | Place    | Note
-------+----------+-------------------------------------------
     0 | D:1      | Zeld the Spriggan Brigand began the quest for the Orb.
     0 | D:1      | Reached XP level 1. HP: 10/10 MP: 2/2
   159 | D:1      | Reached XP level 2. HP: 14/14 MP: 3/3
   866 | D:2      | Reached XP level 3. HP: 18/18 MP: 4/4
   902 | D:2      | Found a blossoming altar of Fedhas.
  1065 | D:3      | Slain by an adder

Illustrated notes

Levels and vault maps discovered:
D:1:      noname_arrival_rooms_in_the_neighbourhood, layout_rooms, serial_glass,
          glass_columns_c, glass_columns_a, minmay_strange_pillars,
          feat_on_display, item_on_display_a
D:2:      layout_rooms, fedhas_altar_1
D:3:      layout_basic, moated_statue, kennysheep_generic_room_5

Skill      XL: |  1  2 |
---------------+-------+-----
Short Blades   | 3 |  3.2
Fighting       | |  1.5
Throwing       | |  2.9
Dodging        | |  1.5
Stealth        | |  5.8

Action                   || total
-------------------------++-------
Melee: Dagger            ||    87
  Use: Potion            ||     1
 Stab: Sleeping          ||     9
Armor: Robe              ||    11
Dodge: Dodged            ||    59
